 Dungeon Crawl Stone Soup version 0.26-a0-610-g3e9335bbc7 (webtiles) character file.

Game seed: 7323982720379394100

68 Murumi the Skirmisher (level 4, 0/73 HPs)
             Began as an Ogre Gladiator on Sept 3, 2020.
             Slain by a leopard gecko (2 damage)
             ... on level 2 of the Dungeon.
             The game lasted 00:06:30 (987 turns).

Murumi the Skirmisher (Ogre Gladiator)               Turns: 987, Time: 00:06:30

Health: 0/73       AC: 22    Str: 19    XL:     4   Next: 19%
Magic:  4/4        EV:  1    Int:  9    God:
Gold:   38         SH:  0    Dex: 10    Spells: 3/3 levels left

rFire    . . .     SeeInvis .   a - +0 flail
rCold    . . .     Faith    .   (no shield)
rNeg     + + +     Spirit   .   (armour currently unavailable)
rPois    +         Reflect  .   (helmet currently unavailable)
rElec    .         Harm     .   (cloak currently unavailable)
rCorr    .         NoTele   +   (gloves unavailable)
MR       .....                  (boots unavailable)
Stlth    +.........             (no amulet)
HPRegen  0.22/turn              (no ring)
MPRegen  0.09/turn              (no ring)

@: lethally poisoned (0 -> -1), tree-form
A: large, unfitting armour
a: no special abilities


You were on level 2 of the Dungeon.
You were a tree.
You visited 1 branch of the dungeon, and saw 2 of its levels.

You collected 38 gold pieces.

Inventory:

Hand Weapons
 a - a +0 flail (weapon)
Missiles
 d - a throwing net (quivered)
 e - 6 boomerangs
Armour
 b - a +0 robe (melded)
 c - a +0 hat (melded)
Potions
 f - a potion of lignification


   Skills:
 + Level 4.6 Fighting
 - Level 3.0 Maces & Flails
 - Level 2.1 Throwing
 - Level 1.0 Armour
 - Level 3.0 Dodging


You had 3 spell levels left.
You didn't know any spells.
Your spell library was empty.

Dungeon Overview and Level Annotations

Branches:
Dungeon (2/15)

Altars:


Innate Abilities, Weirdness & Mutations

You are too large for most types of armour.
((You have tough skin. (AC +1)))


Message History

Your +0 hat melds into your body.
Your +0 robe melds into your body.
Your roots penetrate the ground.
You feel sick.
The leopard gecko bites you but does no damage.
Unknown command.
You barely miss the leopard gecko.
The leopard gecko bites you but does no damage.
You miss the leopard gecko.
You feel sick.
The leopard gecko bites you but does no damage. x2
You closely miss the leopard gecko.
You feel sick.
The leopard gecko bites you but does no damage.
You closely miss the leopard gecko.
The leopard gecko bites you but does no damage.
The leopard gecko completely misses you.
You hit the leopard gecko but do no damage.
You feel sick.
The leopard gecko bites you but does no damage.
You closely miss the leopard gecko.
You feel sick. The leopard gecko bites you.
* * * LOW HITPOINT WARNING * * *
The leopard gecko bites you.
You die...

...# #.#..# ...# #.#..#
...# #.#..# ..## #.#..#
.## ######.#..# #
########.........##>####
.......................l
########.####<##l##.####
# #.# #.##♣# #
########.# #.##.#
.........# #.##.#
########## #..... ######


You could see a leopard gecko.

Vanquished Creatures
  3 adders (D:2)
  A dart slug (D:1)
  2 leopard geckos
  5 bats
  A giant cockroach (D:1)
  8 goblins
  5 hobgoblins (D:1)
  4 kobolds
  2 frilled lizards
  3 rats
34 creatures vanquished.

Notes
Turn   | Place    | Note
-------+----------+-------------------------------------------
     0 | D:1      | Murumi the Ogre Gladiator began the quest for the Orb.
     0 | D:1      | Reached XP level 1. HP: 22/22 MP: 1/1
   242 | D:1      | Reached skill level 3 in Fighting
   317 | D:1      | Reached XP level 2. HP: 31/31 MP: 2/2
   423 | D:1      | Reached XP level 3. HP: 37/37 MP: 3/3
   680 | D:1      | Reached skill level 4 in Fighting
   961 | D:2      | Reached skill level 1 in Armour
   977 | D:2      | Reached XP level 4. HP: 12/49 MP: 4/4
   987 | D:2      | HP: 2/73 [leopard gecko (3)]
   987 | D:2      | Slain by a leopard gecko

Illustrated notes

Levels and vault maps discovered:
D:1:      dpeg_arrival_round_b, layout_basic
D:2:      layout_loops_ring, minmay_overflow_temple_hex

Skill      XL: |  1  2  3 |
---------------+----------+-----
Fighting       | 3 4 |  4.6
Maces & Flails | 3 |  3.0
Dodging        | 3 |  3.0
Armour         | 1 |  1.0
Throwing       | |  2.1

Action                   |  1- 3 |  4- 6 || total
-------------------------+-------+-------++-------
Melee: Flail             |    61 |     8 ||    69
Throw: Boomerang         |    45 |       ||    45
       Throwing net      |     1 |     1 ||     2
  Use: Potion            |       |     1 ||     1
 Stab: Sleeping          |     1 |       ||     1
Armor: Robe              |    11 |       ||    11
       Skin              |       |     7 ||     7
Dodge: Dodged            |    49 |     1 ||    50

Table legend: (Time is in decaauts)
 A = Elapsed time spent in this place.
 B = Non-inter-level travel time spent in this place.
 C = Inter-level travel time spent in this place.
 D = Time resting spent in this place.
 E = Time spent auto-exploring this place.
 F = Levels seen in this place.
 G = Mean time per level.
                   A        B        C        D        E       F      G
               +--------+--------+--------+--------+--------+-----+--------+
         Total |   1014 |    906 |    108 |      0 |    682 |   2 |  507.0 |
       Dungeon |   1014 |    906 |    108 |      0 |    682 |   2 |  507.0 |
               +--------+--------+--------+--------+--------+-----+--------+

Top non-repeatable levels by time:
     D:1: 852 daAuts
     D:2: 162 daAuts
